Map: Beckett Industries LE

Players

Pumba - Winner!

  • Race: Zerg Zerg
  • League: Gold

Fracture

  • Race: Protoss Protoss
  • League: Master

VOD

Have the link to the VOD?

Description

Time

  • Played on: Aug. 3, 2021, 8:17 p.m.
  • Length: 12:35
Show
View Real Time Build Order
Export as new Build Order

Pumba Zerg - Winner!

Build Orders: Pool First 

Get SALT Encoding   

  12  0:02  Drone  
  13  0:15  Overlord  
  13  0:18  Drone  
  14  0:33  Drone x2  
  16  0:39  Drone  
  17  0:47  Spawning Pool  
  17  0:49  Drone  
  17  1:12  Hatchery  
  17  1:14  Drone  
  17  1:16  Extractor  
  17  1:18  Drone  
  17  1:33  Drone x2  
  17  1:35  Queen  
  21  1:44  Overlord  
  21  1:52  Zergling x2  
  22  2:04  Drone  
  23  2:11  Queen  
  25  2:22  Drone  
  26  2:24  Drone x2  
  26  2:25  Metabolic Boost  
  28  2:36  Drone x2  
  30  2:46  Drone x2  
  30  2:47  Drone x2  
  34  2:55  Overlord  
  34  2:57  Overlord  
  34  3:01  Drone  
  35  3:13  Drone x2  
  37  3:23  Drone x5, Overlord  
  37  3:26  Overlord  
  42  3:34  Queen  
  42  3:38  Hatchery  
  42  3:39  Roach Warren  
  42  3:54  Drone x7  
  42  3:55  Drone x2  
  51  3:57  Overlord  
  51  4:06  Lair  
  51  4:08  Extractor  
  51  4:09  Extractor  
  49  4:10  Extractor  
  48  4:22  Roach x4  
  48  4:24  Roach x3  
  62  4:25  Roach  
  64  4:31  Drone x2  
  64  4:32  Drone, Overlord  
  67  4:48  Overlord  
  67  4:49  Overlord x2  
  67  4:55  Overlord x2  
  67  5:01  Zergling x2  
  68  5:08  Roach x7  
  82  5:20  Roach x3  
  88  5:21  Overlord  
  88  5:24  Glial Reconstitution  
  88  5:45  Roach x9  
  88  5:47  Roach  
  108  5:54  Overseer  
  108  6:07  Overlord  
  108  6:08  Overlord x3  
  108  6:15  Roach x5  
  108  6:16  Roach  
  120  6:32  Roach x6  
  132  6:46  Roach x6  
  144  6:54  Overlord x2  
  144  6:58  Roach x2  
  136  7:34  Roach x10  
  136  7:35  Overlord x2, Roach  
  142  8:08  Overlord x2  
  142  8:09  Overlord  
  142  8:19  Overlord  
  142  8:23  Overlord  
  142  8:36  Drone x3  
  142  8:37  Drone  
  142  8:38  Drone x2  
  142  9:07  Hatchery  
  142  9:08  Hatchery  
  142  9:11  Baneling Nest  
  142  11:34  Evolution Chamber x2  
  142  11:55  Spore Crawler  
  142  12:09  Extractor  
  142  12:10  Extractor  
Show
View Real Time Build Order
Export as new Build Order

Fracture Protoss 

Build Orders:  

Get SALT Encoding   

  12  0:00  Probe  
  13  0:12  Probe  
  14  0:20  Pylon  
  14  0:24  Probe  
  15  0:40  Probe  
  16  0:43  Gateway  
  16  0:49  Assimilator  
  16  0:54  Probe  
  17  1:06  Probe (Chrono Boost)  
  19  1:18  Probe (Chrono Boost)  
  19  1:27  Probe  
  20  1:33  Cybernetics Core  
  20  1:34  Zealot (Chrono Boost)  
  22  1:46  Probe  
  23  1:57  Pylon  
  23  2:10  Warp Gate  
  23  2:15  Adept, Probe  
  26  2:27  Assimilator  
  26  2:29  Nexus  
  25  2:34  Probe  
  26  2:47  Robotics Facility  
  26  2:48  Probe  
  27  2:57  Stalker (Chrono Boost)  
  27  3:00  Probe  
  30  3:12  Probe  
  31  3:18  Gateway  
  31  3:23  Twilight Council  
  31  3:25  Gateway  
  31  3:37  Warp Prism (Chrono Boost)  
  31  3:41  Probe  
  34  3:52  Probe  
  35  3:56  Probe  
  35  3:57  Charge (Chrono Boost)  
  36  4:05  Probe  
  36  4:08  Immortal (Chrono Boost)  
  36  4:09  Probe  
  42  4:27  Pylon  
  42  4:41  Immortal  
  46  4:47  Probe  
  46  4:48  Probe  
  48  5:02  Gateway  
  48  5:04  Gateway  
  48  5:05  Gateway  
  48  5:07  Gateway  
  48  5:09  Gateway  
  48  5:22  Gateway  
  48  5:44  Zealot x2  
  52  5:54  Zealot  
  54  6:01  Pylon  
  54  6:03  Pylon  
  54  6:05  Pylon  
  54  6:09  Pylon  
  54  6:16  Immortal (Chrono Boost)  
  54  6:21  Zealot x3  
  54  6:22  Zealot x3  
  54  6:23  Zealot x2  
  54  6:24  Zealot  
  76  6:43  Pylon  
  76  6:44  Zealot  
  76  6:45  Pylon  
  76  6:46  Zealot x3  
  84  6:47  Zealot, Pylon  
  86  7:09  Zealot  
  86  7:13  Zealot x3  
  86  7:14  Zealot x4  
  86  7:15  Zealot  
  82  7:30  Zealot  
  82  7:34  Zealot x5  
Tags
 
Add a new tag
Caveats
  • Supply blocks, unpowered buildings, or Contaminate may cause inaccurate times.
  • Supply counts are checked every 10 seconds.